 Dungeon Crawl Stone Soup version 0.31.0-11-ge490571c62 (webtiles) character file.

Game seed: 5829930382477497419

25 qw the Shooter (level 2, 0/14 HPs)
             Began as a Spriggan Hunter on Feb 3, 2024.
             Succumbed to their own poison gas
             ... on level 1 of the Dungeon.
             The game lasted 00:00:02 (717 turns).

qw the Shooter (Spriggan Hunter)                     Turns: 717, Time: 00:00:02

Health: 0/14       AC:  2    Str:  7    XL:     2   Next: 82%
Magic:  3/3        EV: 19    Int: 10    God:
Gold:   26         SH:  0    Dex: 18    Spells: 1/1 levels left

rFire   + . .        a - +0 shortbow
rCold   . . .        (shield currently unavailable)
rNeg    . . .        c - +0 robe
rPois   .            (helmet restricted)
rElec   .            (no cloak)
rCorr   .            (gloves unavailable)
SInv    +            (boots unavailable)
Will    .....        (no amulet)
Stlth   ++           g - ring of protection from fire
HPRegen 0.22/turn    (no ring)
MPRegen 0.08/turn

%: no passive effects
@: lethally poisoned (0 -> -10), very quick
A: very small, no large weapons, unfitting armour, see invisible, speed 3
a: no special abilities


You were on level 1 of the Dungeon.
You visited 1 branch of the dungeon, and saw 1 of its levels.

You collected 26 gold pieces.


Innate Abilities, Weirdness & Mutations

You are very small and have problems with some larger weapons.
You are too small for most types of armour.
You have supernaturally acute eyesight. (SInv)
You cover ground extremely quickly. (Speed+++)


   Skills:
 - Level 1.5 Fighting
 + Level 4.3 Ranged Weapons
 - Level 4.0 Dodging
 - Level 1.5 Stealth


You had one spell level left.
You didn't know any spells.
Your spell library was empty.

Inventory:

Hand Weapons
 a - a +0 shortbow (weapon)
Armour
 c - a +0 robe (worn)
Jewellery
 g - a ring of protection from fire (left hand)

Dungeon Overview and Level Annotations

Branches:
Dungeon (1/15)

Altars:


Message History

The air fills with toxic fumes!
As you read the scroll labelled WAXOTY QUIC, it crumbles to dust.
It was a scroll of poison.
Done exploring.
706 ||| DROPPING scroll of butterflies.
You drop a scroll of butterflies.
Done exploring.
707 ||| DROPPING scroll of poison.
You drop a scroll of poison.
Done exploring.
708 ||| DROPPING potion of magic.
You drop a potion of magic.
Done exploring.
709 ||| DROPPING potion of attraction.
You drop a potion of attraction.
Done exploring.
What level of the Dungeon? (default 1, ? - help) Sorry, I don't know how to get there.
Enter note:
Enter note:
Enter note:
Enter note:
Enter note:
Enter note: You are engulfed in poison gas.
You are lethally poisoned!
You feel very sick.
711 ||| Stepping ~*~*~tactically~*~*~ (cloud).
You feel sick.
Items here: !! ??.
712 ||| DRINKING potion of curing.
You feel better.
712 ||| (to cure poison)
You are engulfed in poison gas.
You are lethally poisoned!
You feel very sick.
714 ||| Stepping ~*~*~tactically~*~*~ (cloud).
You feel sick.
Items here: !! ??.
There is a lethal amount of poison in your body!
You feel very sick.
There is a lethal amount of poison in your body!
You feel very sick.
There is a lethal amount of poison in your body!
You die...

###########
###########@0.0¤000.#
#...)¤000000#######.#
#.########### #.#
#..........###### #>#
##..#######......###.###
##...## ######.......#
##.#...## ###.###.######
##.##..#.## #.# #......#
#.##...##.# #.# ######.#


There were no monsters in sight!

Vanquished Creatures
  3 ball pythons (D:1)
  4 endoplasms (D:1)
  A goblin (D:1)
  A hobgoblin (D:1)
  5 kobolds (D:1)
  2 quokkas (D:1)
  A bat (D:1)
  4 rats (D:1)
21 creatures vanquished.

Notes
Turn   | Place    | Note
-------+----------+-------------------------------------------
     0 | D:1      | qw the Spriggan Hunter began the quest for the Orb.
     0 | D:1      | Reached XP level 1. HP: 10/10 MP: 2/2
     0 | D:1      | 0 ||| qw: Version: 0.3-a-158-g18b3111
     0 | D:1      | 0 ||| qw: Game counter: 4282
     0 | D:1      | 0 ||| qw: Melee chars always use a shield: true
     0 | D:1      | 0 ||| qw: God list: Okawaru
     0 | D:1      | 0 ||| qw: Allow faded altars: false
     0 | D:1      | 0 ||| qw: Do Orc after clearing Dungeon:15 true
     0 | D:1      | 0 ||| qw: Do second Lair branch before Depths: true
     0 | D:1      | 0 ||| qw: Lair rune preference: random
     0 | D:1      | 0 ||| qw: Goals: Normal
     0 | D:1      | 0 ||| PLANNING D:1-11
    46 | D:1      | Reached skill level 3 in Dodging
   238 | D:1      | Reached XP level 2. HP: 14/14 MP: 3/3
   701 | D:1      | 701 ||| UPGRADING to ring of protection from fire.
   702 | D:1      | 702 ||| READING 3 scrolls labelled IWIBOM QUAC.
   702 | D:1      | 702 ||| IDENTIFYING cyan potion
   703 | D:1      | 703 ||| READING 2 scrolls of identify.
   703 | D:1      | 703 ||| IDENTIFYING sapphire potion
   704 | D:1      | 704 ||| READING scroll of identify.
   704 | D:1      | 704 ||| IDENTIFYING glowing white potion
   705 | D:1      | 705 ||| READING 2 scrolls labelled WAXOTY QUIC.
   706 | D:1      | 706 ||| DROPPING scroll of butterflies.
   707 | D:1      | 707 ||| DROPPING scroll of poison.
   708 | D:1      | 708 ||| DROPPING potion of magic.
   709 | D:1      | 709 ||| DROPPING potion of attraction.
   711 | D:1      | 711 ||| Stepping ~*~*~tactically~*~*~ (cloud).
   712 | D:1      | 712 ||| DRINKING potion of curing.
   712 | D:1      | 712 ||| (to cure poison)
   714 | D:1      | 714 ||| Stepping ~*~*~tactically~*~*~ (cloud).
   716 | D:1      | HP: 1/14 [poisoned by you (poison gas)]
   717 | D:1      | Succumbed to their own poison gas

Levels and vault maps discovered:
D:1:      roderic_octagonal_star, layout_loops_ring, minmay_tree_intersection

Skill      XL: |  1  2 |
---------------+-------+-----
Dodging        | 3 4 |  4.0
Fighting       | |  1.5
Ranged Weapons | |  4.3
Stealth        | |  1.5

Action                     || total
---------------------------++-------
   Fire: Shortbow          ||    52
    Use: Scroll            ||     4
         Potion            ||     1
 Armour: Robe              ||     1
  Dodge: Dodged            ||    10

Table legend:
 A = Non-vault XP
 B = Vault XP
 C = Vault XP percentage of total XP
 D = Non-vault monster count
 E = Vault monster count
 F = Vault count percentage of total count
                 A         B        C        D         E       F
            +---------+---------+-------+---------+---------+-------
      Total |      36 |       0 |   0.0 |      21 |       0 |   0.0
            +---------+---------+-------+---------+---------+-------
        D:1 |      36 |       0 |   0.0 |      21 |       0 |   0.0
            +---------+---------+-------+---------+---------+-------
